 Dungeon Crawl Stone Soup version 0.30-b1-2-g02819fbbbe (webtiles) character file.

Game seed: 2762404597056034355

25 MajorAdolf the Sneak (level 3, -2/48 HPs)
             Began as a Naga Wanderer on Aug 30, 2023.
             Killed from afar by Natasha (4 damage)
             ... with a magic dart
             ... on level 2 of the Dungeon.
             The game lasted 00:01:06 (767 turns).

MajorAdolf the Sneak (Naga Wanderer)                 Turns: 767, Time: 00:01:07

Health: -2/48      AC: 21    Str: 14    XL:     3   Next: 4%
Magic:  3/3        EV:  1    Int: 11    God:
Gold:   22         SH:  0    Dex: 13    Spells: 2/2 levels left

rFire   . . .        a - +2 quarterstaff
rCold   . . .        (shield currently unavailable)
rNeg    . . .        h - melded +0 chain mail
rPois   +            (helmet currently unavailable)
rElec   .            (cloak currently unavailable)
rCorr   .            c - melded +0 pair of gloves
SInv    +            (no barding)
Will    .....        (no amulet)
Stlth   +++          (no ring)
HPRegen 0.28/turn    (no ring)
MPRegen 0.08/turn

%: no passive effects
@: tree-form
A: stationary, stasis, torment immunity, boosted hp, AC +1, large, see
invisible, (deformed body), (poison resistance), (slowness 2), spit poison 1,
(naga tail 1)
a: Spit Poison


You were on level 2 of the Dungeon.
You were a tree.
You visited 1 branch of the dungeon, and saw 2 of its levels.

You collected 22 gold pieces.

Inventory:

Hand Weapons
 a - a +2 quarterstaff (weapon)
 k - a +0 hand axe
Armour
 c - a +0 pair of gloves (melded)
 e - a +0 leather armour
 h - a +0 chain mail (melded)
Scrolls
 d - a scroll of blinking
 j - a scroll of torment {unknown}
 l - a scroll of magic mapping {unknown}
Potions
 f - a potion of haste {unknown}
 g - a potion of degeneration {unknown}
 i - a potion of heal wounds {unknown}


   Skills:
 + Level 2.1 Fighting
 - Level 2.0 Staves
 - Level 1.0 Throwing
 + Level 1.0 Armour
 + Level 0.0 Dodging
 + Level 6.6 Stealth
 - Level 1.0 Invocations


You had 2 spell levels left.
You didn't know any spells.
Your spell library was empty.

Dungeon Overview and Level Annotations

Branches:
Dungeon (2/15)

Altars:

Annotations:
D:2 Natasha


Innate Abilities, Weirdness & Mutations

You are a tree.
Your roots penetrate the ground, keeping you stationary.
You cannot be teleported.
You are immune to unholy pain and torment.
Your maximum health is greatly increased.
Your equipment is partially melded.
((Your serpentine skin is tough. (AC +1)))
You have supernaturally acute eyesight. (SInv)
((Armour fits poorly on your strangely shaped body.))
((Your system is resistant to poisons. (rPois)))
((You cover ground very slowly.))
You can spit poison.
((You have a snake-like lower body.))


Message History

You hit Natasha.
Natasha is heavily wounded.
Natasha claws you!
* * * LOW HITPOINT WARNING * * *
You barely miss Natasha.
Natasha is heavily wounded.
Natasha casts a spell.
Natasha claws you but does no damage.
Unknown command.
Aiming: Spit Poison (2% risk of failure)
Press: ? - help, Shift-Dir - straight line, f - Natasha
Aim: Natasha (heavily wounded, 50% to hit)
You fail to use your ability.
Natasha claws you.
* * * LOW HITPOINT WARNING * * *
The cerulean imp hits you but does no damage.
Natasha stares at you and mumbles some strange words.
You resist with some effort.
Unknown command.
You hit Natasha but do no damage.
Natasha is heavily wounded.
The cerulean imp hits you from afar with a +1 spear.
* * * LOW HITPOINT WARNING * * *
Natasha claws you but does no damage.
The cerulean imp hits you from afar with a +1 spear.
* * * LOW HITPOINT WARNING * * *
Really quaff the potion of lignification?
You turn into a tree.
Your +0 pair of gloves melds into your body.
Your +0 chain mail melds into your body.
Your roots penetrate the ground.
Natasha claws you.
* * * LOW HITPOINT WARNING * * *
The cerulean imp hits you but does no damage.
Natasha barely misses you.
You barely miss Natasha.
Natasha is heavily wounded.
You feel yourself speed up. The cerulean imp barely misses you.
Natasha stares at you and mumbles some strange words.
The magic dart hits you.
You die...

#..# #..# ########..###
... #............ #..
#.#####...... # #.. #.#
#.#..## #.##.. #.#
#.#..#
#.....#####.#####.#..#
#####5h........(......#
.......♣..............#
#####..##.....[....####
#.. #.##.#######
........#.#
##P#####.#.# .. .#.. #.
.### +. .# .#


You could see Natasha and a cerulean imp (summoned).

Vanquished Creatures
  2 bats (D:1)
  3 endoplasms
  3 goblins (D:1)
  3 hobgoblins (D:1)
  3 kobolds (D:1)
  A quokka (D:1)
  2 ball pythons (D:1)
  2 frilled lizards (D:1)
  4 rats
23 creatures vanquished.

Notes
Turn   | Place    | Note
-------+----------+-------------------------------------------
     0 | D:1      | MajorAdolf the Naga Wanderer began the quest for the Orb.
     0 | D:1      | MajorAdolf set off with the following items: a +2
                  | quarterstaff, a potion of lignification, a +0 pair of
                  | gloves, a scroll of blinking, a +0 leather armour.
     0 | D:1      | Reached XP level 1. HP: 18/18 MP: 1/1
   116 | D:1      | Reached skill level 6 in Stealth
   128 | D:1      | Reached XP level 2. HP: 25/25 MP: 2/2
   694 | D:2      | Reached XP level 3. HP: 26/32 MP: 3/3
   755 | D:2      | Noticed Natasha
   766 | D:2      | HP: 2/48 [Natasha (3)]
   767 | D:2      | Killed from afar by Natasha

Illustrated notes

Levels and vault maps discovered:
D:1:      reono_arrival_forest_river, layout_basic, minmay_crystal_water
D:2:      cheibrodos_old_hovel, layout_loops_ring, uniq_natasha

Skill      XL: |  1  2 |
---------------+-------+-----
Stealth        | 6 |  6.6
Fighting       | 2 |  2.1
Staves         | |  2.0
Throwing       | |  1.0
Armour         | |  1.0
Invocations    | |  1.0

Action                     || total
---------------------------++-------
  Melee: Quarterstaff      ||    51
Ability: Spit Poison       ||     1
    Use: Potion            ||     1
   Stab: Sleeping          ||     3
 Armour: Leather armour    ||     3
         Chain mail        ||    22
         Skin              ||     1
  Dodge: Dodged            ||     9
